 Dungeon Crawl Stone Soup version 0.16-a0-4083-g5af668b (webtiles) character file.

529 timbw the Gusty (level 7, -7/46 HPs)
             Began as a Human Air Elementalist on Feb 22, 2015.
             Was a Follower of Makhleb.
             Mangled by Pikel
             ... wielding a +2 whip of flaming
              (14 damage)
             ... on level 6 of the Dungeon.
             The game lasted 00:17:26 (3528 turns).

timbw the Gusty (Human Air Elementalist)            Turns: 3528, Time: 00:17:26

Health: -7/46      AC:  2    Str:  8    XL:     7   Next: 48%
Magic:  10/15      EV: 12    Int: 18    God:    Makhleb [*.....]
Gold:   123        SH:  0    Dex: 13    Spells: 4 memorised, 2 levels left

rFire  . . .     SeeInvis .     y - +0 falchion (elec)
rCold  . . .     Clarity  .     a - +0 robe
rNeg   . . .     SustAb   .     (no shield)
rPois  .         Gourm    .     (no helmet)
rElec  .         Spirit   .     (no cloak)
rCorr  .         Warding  .     (no gloves)
rMut   .         Stasis   .     (no boots)
MR     .....                    (no amulet)
Stlth  ++........               (no ring)
                                (no ring)

@: very slightly contaminated, not resistant to hostile enchantments, unstealthy
A: no striking features
a: Renounce Religion


You were on level 6 of the Dungeon.
You worshipped Makhleb.
Makhleb was aware of your devotion.
You were not hungry.

You visited 2 branches of the dungeon, and saw 7 of its levels.

You collected 123 gold pieces.

Inventory:

Hand weapons
 d - a +0 dagger
 s - a +1 dagger of speed
 y - a +0 falchion of electrocution (weapon)
Missiles
 w - 6 tomahawks (quivered)
Armour
 a - a +0 robe (worn)
Magical devices
 k - a wand of fire (0)
 q - a wand of teleportation (3)
Scrolls
 f - a scroll of remove curse {unknown}
 h - 2 scrolls of random uselessness {unknown}
 i - a scroll of noise {unknown}
 o - 2 scrolls of amnesia {unknown}
 p - a scroll of enchant weapon {unknown}
 v - a scroll of teleportation {unknown}
 x - a scroll of magic mapping {unknown}
Potions
 j - 2 potions of might
 m - a potion of cure mutation
 r - a potion of curing
 t - a potion of poison {unknown}
 u - a potion of heal wounds {unknown}
 z - a potion of berserk rage
 A - a potion of mutation {unknown}
Books
 b - a book of Air

   Spells                             Type                      Level
   a - Shock                          Conjuration/Air              1
   b - Swiftness                      Charms/Air                   2
   c - Repel Missiles                 Charms/Air                   2
   d - Flight                         Charms/Air                   3
   e - Static Discharge               Conjuration/Air              3
   f - Lightning Bolt                 Conjuration/Air              5
 C - the Disquisition on Blows and Bruises
   (You found it on level 6 of the Dungeon)

   Spells                             Type                      Level
   a - Throw Flame                    Conjuration/Fire             2
   b - Iskenderun's Battlesphere      Conjuration/Charms           5
   c - Bolt of Magma                  Conjuration/Fire/Earth       5
Comestibles
 c - 4 bread rations
 g - a fruit
 l - 2 meat rations
 n - 2 beef jerkies
 B - 2 chunks of flesh


   Skills:
 - Level 2.0 Dodging
 - Level 2.0 Stealth
 + Level 3.8 Spellcasting
 + Level 3.7 Conjurations
 * Level 6.0 Air Magic


You had 2 spell levels left.
You knew the following spells:

 Your Spells              Type           Power        Failure   Level  Hunger
a - Shock                 Conj/Air       ###.         1%          1    None
b - Static Discharge      Conj/Air       ###.....     10%         3    ###....
c - Swiftness             Chrm/Air       ##......     8%          2    ##.....
d - Iskenderun's Battles  Conj/Chrm      ##......     99%         5    ######.


Dungeon Overview and Level Annotations

Branches:
Dungeon (6/15)             Temple (1/1) D:4

Altars:
Ashenzari
Makhleb
Nemelex Xobeh
Okawaru
Qazlal
Trog
Vehumet
Xom
Yredelemnul
The Shining One

Shops:
D:5 ?

Annotations:
D:5 timbw's ghost, experienced CeFi
D:6 Pikel


Message History

Aim: Pikel, wielding a whip of flaming and wearing a robe (heavily wounded, berserk, fast, unusually strong)
The bolt of fire misses Pikel.
The bolt of fire hits the slave.
You kill the slave!
That felt strangely unrewarding.
Evoking this partially-identified wand wasted a few charges.
Evoke which item? (* to show all) (? for menu, Esc to quit)
Zapping:
k - a wand of fire {zapped: 5} (will waste charges)
Press: ? - help, Shift-Dir - straight line, f/p - Pikel
Aim: Pikel, wielding a whip of flaming and wearing a robe (heavily wounded, berserk, fast, unusually strong)
The bolt of fire hits Pikel.
Pikel is severely wounded.
The bolt of fire hits the slave.
The slave is severely wounded.
Evoking this partially-identified wand wasted a few charges.
Evoke which item? (* to show all) (? for menu, Esc to quit)
Zapping:
k - a wand of fire {zapped: 7} (will waste charges)
Press: ? - help, Shift-Dir - straight line, f/p - Pikel
Aim: Pikel, wielding a whip of flaming and wearing a robe (severely wounded, berserk, fast, unusually strong) Nothing appears to happen.
Pikel hits you with a whip of flaming!
You die...

..#......'.'.....p.'....#.......
..#.....##.###'##'###...#.......
.>##'##.##.# #.#[J..#####......
......#..>.. ..+p...# .$...
......+.###.####....# ###.
......#+#........####
#'#........../...#
'.+.............K#
#.#.............@#
###..............#
##+#######+###.. +... ###.. ###


You could see Pikel (berserk), 2 slaves and a jelly.

Vanquished Creatures
  Eustachio (D:6)
  A slave (D:6)
  3 jellies (D:6)
  2 orc priests (D:4)
  An orc wizard (D:4)
  Jessica (D:2)
  4 adders
  A giant mite (D:4)
  4 worms
  4 giant geckos
  2 oozes
  12 orcs
  3 ball pythons (D:3)
  5 bats
  A bat skeleton (D:4)
  4 giant cockroaches
  8 hobgoblins
  7 jackals (D:1)
  4 quokkas
  A ball python skeleton (D:5)
  6 goblins
  8 kobolds
  10 rats
93 creatures vanquished.

Notes
Turn   | Place    | Note
--------------------------------------------------------------
     0 | D:1      | timbw, the Human Air Elementalist, began the quest for the Orb.
     0 | D:1      | Reached XP level 1. HP: 13/13 MP: 3/3
   147 | D:1      | Reached XP level 2. HP: 10/19 MP: 2/4
   602 | D:1      | Reached XP level 3. HP: 17/24 MP: 1/6
   827 | D:2      | You fall through a shaft!
   870 | D:3      | Learned a level 3 spell: Static Discharge
   887 | D:3      | Noticed an ogre
  1011 | D:2      | Noticed Jessica
  1222 | D:2      | Reached XP level 4. HP: 21/30 MP: 1/8
  1294 | D:2      | Learned a level 2 spell: Swiftness
  1585 | D:2      | Killed Jessica
  1585 | D:2      | Reached skill level 4 in Air Magic
  1771 | D:4      | Reached XP level 5. HP: 28/35 MP: 7/9
  2223 | D:4      | Reached XP level 6. HP: 33/41 MP: 9/12
  2256 | D:4      | Found a staircase to the Ecumenical Temple.
  2262 | Temple   | Entered the Ecumenical Temple
  2311 | Temple   | Became a worshipper of Makhleb the Destroyer
  2396 | D:4      | Reached skill level 5 in Air Magic
  2492 | D:4      | Found a bloodstained altar of Trog.
  2556 | D:5      | Entered Level 5 of the Dungeon
  2566 | D:5      | Found Brelaim's Magic Scroll Shoppe.
  2863 | D:5      | Noticed timbw's ghost (experienced CeFi)
  3104 | D:6      | Noticed Eustachio
  3121 | D:6      | Killed Eustachio
  3121 | D:6      | Acquired Makhleb's first power
  3121 | D:6      | Reached XP level 7. HP: 46/46 MP: 3/15
  3156 | D:6      | Identified the Disquisition on Blows and Bruises
  3177 | D:6      | Learned a level 5 spell: Iskenderun's Battlesphere
  3264 | D:6      | Noticed a slave
  3264 | D:6      | Noticed a slave
  3265 | D:6      | Noticed a slave
  3282 | D:6      | Reached skill level 6 in Air Magic
  3494 | D:6      | Noticed a slave
  3497 | D:6      | Noticed Pikel
  3526 | D:6      | Killed a slave
  3528 | D:6      | Mangled by Pikel

Action                   |  1- 3 |  4- 6 |  7- 9 || total
-------------------------+-------+-------+-------++-------
Melee: Dagger            |    50 |    39 |       ||    89
       Falchion          |       |       |     4 ||     4
 Cast: Shock             |    65 |   128 |    24 ||   217
       Swiftness         |       |     2 |     1 ||     3
       Static Discharge  |       |     3 |     2 ||     5
Evoke: Wand              |       |       |     3 ||     3
  Use: Scroll            |       |     3 |     2 ||     5
 Stab: Sleeping          |     3 |     2 |       ||     5
  Eat: Chunk             |     2 |     6 |       ||     8
       Fruit             |       |     2 |       ||     2
